Map: Cactus Valley LE (Void)

Players

erikmaster

  • Race: Protoss Protoss
  • League: Diamond
  • Spawn Location: 5:00

Railgan - Winner!

  • Race: Zerg Zerg
  • League: Grandmaster
  • Spawn Location: 1:00

VOD

Have the link to the VOD?

Description

Time

  • Played on: March 15, 2017, 2:19 p.m.
  • Length: 4:00
Show
View Real Time Build Order
Export as new Build Order

erikmaster Protoss 

Build Orders: 1 Gate Expand 

Get SALT Encoding   

  12  0:00  Probe (Chrono Boost)  
  13  0:11  Probe (Chrono Boost)  
  14  0:19  Pylon  
  14  0:27  Probe (Chrono Boost)  
  15  0:39  Probe (Chrono Boost)  
  16  0:46  Gateway  
  17  0:50  Probe (Chrono Boost)  
  17  0:51  Assimilator  
  17  1:01  Probe (Chrono Boost)  
  18  1:19  Nexus  
  18  1:24  Probe (Chrono Boost)  
  19  1:37  Cybernetics Core  
  19  1:39  Probe (Chrono Boost)  
  20  1:48  Assimilator  
  20  1:50  Probe (Chrono Boost)  
  21  2:00  Probe (Chrono Boost)  
  22  2:02  Pylon  
  22  2:11  Probe (Chrono Boost)  
  23  2:20  Adept  
  23  2:21  Probe (Chrono Boost)  
  26  2:32  Probe (Chrono Boost)  
  26  2:33  Probe (Chrono Boost)  
  27  2:44  Stargate  
  27  2:45  Probe (Chrono Boost)  
  27  2:46  Probe (Chrono Boost)  
  27  2:50  Adept  
  31  2:56  Probe x2 (Chrono Boost)  
  33  3:07  Probe x2 (Chrono Boost)  
  33  3:09  Gateway  
  35  3:14  Stalker  
  35  3:17  Probe (Chrono Boost)  
  40  3:20  Mothership Core (Chrono Boost)  
  40  3:30  Probe (Chrono Boost)  
  41  3:35  Assimilator  
  41  3:40  Gateway, Probe (Chrono Boost), Assimilator  
  41  3:41  Probe (Chrono Boost)  
Show
View Real Time Build Order
Export as new Build Order

Railgan Zerg - Winner!

Build Orders: Pool First 

Get SALT Encoding   

  12  0:01  Drone  
  13  0:12  Overlord  
  13  0:17  Drone  
  14  0:30  Drone x2  
  14  0:31  Extractor  
  15  0:38  Drone  
  16  0:46  Spawning Pool  
  15  0:52  Drone  
  15  0:56  Drone  
  17  1:06  Drone  
  18  1:24  Hatchery  
  17  1:27  Drone  
  17  1:31  Drone  
  19  1:41  Queen  
  19  1:45  Zergling x2  
  22  1:53  Metabolic Boost  
  22  2:03  Roach Warren  
  22  2:05  Drone  
  22  2:12  Overlord  
  22  2:20  Overlord  
  22  2:43  Roach x3  
  28  2:46  Roach  
  28  2:49  Roach  
  32  2:52  Roach  
  32  2:53  Roach  
  36  3:00  Roach  
  36  3:05  Overlord  
  38  3:11  Zergling x4  
  40  3:14  Zergling x2  
  41  3:20  Zergling x4  
  41  3:23  Ravager  
  44  3:28  Zergling x2  
  44  3:29  Zergling x2  
  46  3:34  Overlord  
Tags
 
Add a new tag
Caveats
  • Supply blocks, unpowered buildings, or Contaminate may cause inaccurate times.
  • Supply counts are checked every 10 seconds.